 Dungeon Crawl Stone Soup version 0.27.1-3-gb3d3a73c9e (webtiles) character file.

Game seed: 9715619047155860932

15337 jlumianski the Cleaver (level 12, -13/72 HPs)
             Began as a Gargoyle Fighter on Oct 23, 2021.
             Was the Champion of Okawaru.
             Mangled by a red ugly thing (23 damage)
             ... on level 12 of the Dungeon.
             The game lasted 00:57:57 (13944 turns).

jlumianski the Cleaver (Gargoyle Fighter)          Turns: 13944, Time: 00:57:58

Health: -13/72     AC: 29    Str: 25    XL:     12   Next: 26%
Magic:  18/18      EV:  7    Int:  9    God:    Okawaru [******]
Gold:   538        SH: 12    Dex:  9    Spells: 11/11 levels left

rFire    . . .     SeeInvis .   a - +1 trident (vamp)
rCold    . . .     Faith    .   c - +0 kite shield
rNeg     + . .     Spirit   .   K - +0 plate armour
rPois    ∞         Reflect  .   C - +2 helmet
rElec    +         Harm     .   N - scarf {shadows}
rCorr    .         Rampage  .   (no gloves)
Will     .....                  (no boots)
Stlth    ..........             (no amulet)
HPRegen  0.22/turn              h - +4 ring of protection
MPRegen  0.16/turn              f - +4 ring of slaying

@: invisible
A: sickness immunity, AC +8, negative energy resistance 1, electricity
resistance, torment resistance 1, petrification resistance
a: Renounce Religion, Heroism, Finesse


You were on level 12 of the Dungeon.
You worshipped Okawaru.
Okawaru was exalted by your worship.
You visited 1 branch of the dungeon, and saw 12 of its levels.

You collected 959 gold pieces.
You spent 421 gold pieces at shops.

Inventory:

Hand Weapons
 a - a +1 vampiric trident (weapon)
 g - a +2 war axe of flaming
Missiles
 i - 32 poisoned darts (quivered)
 p - 14 boomerangs
 y - 2 javelins
 J - 3 atropa-tipped darts
 S - a throwing net
Armour
 c - a +0 kite shield (worn)
 l - +0 acid dragon scales
 C - a +2 helmet (worn)
 K - a +0 plate armour (worn)
 N - a scarf of shadows (worn)
Jewellery
 f - a +4 ring of slaying (right hand)
 h - a +4 ring of protection (left hand)
 s - a ring of willpower
Wands
 b - a wand of digging (5)
 k - a wand of polymorph (4)
 O - a wand of acid (5)
 R - a wand of flame (15)
Scrolls
 e - a scroll of identify
 o - a scroll of teleportation
 P - a scroll of fog
Potions
 d - 2 potions of might
 j - a potion of resistance
 q - a potion of heal wounds
 t - 2 potions of berserk rage
 z - 4 potions of curing
 I - a potion of flight
 M - a potion of brilliance
Miscellaneous
 L - a condenser vane


   Skills:
 + Level 7.4 Fighting
 + Level 10.3 Axes
 + Level 3.9 Throwing
 + Level 8.3 Armour
 + Level 2.6 Dodging
 - Level 0.3 Stealth
 + Level 9.4 Shields
 * Level 8.8 Invocations
 * Level 3.5 Evocations


You had 11 spell levels left.
You didn't know any spells.
Your spell library contained the following spells:

 Spells                   Type           Power      Damage    Failure   Level
 Pain                     Necr           0%         1d4       100%        1
 Ensorcelled Hibernation  Hex/Ice        0%         N/A       100%        2
 Slow                     Hex            0%         N/A       100%        2
 Confusing Touch          Hex            0%         N/A       100%        3
 Frozen Ramparts          Ice            0%         1d2       100%        3
 Gell's Gravitas          Tloc           0%         N/A       100%        3
 Lesser Beckoning         Tloc           0%         N/A       100%        3
 Spider Form              Tmut/Pois      0%         N/A       100%        3
 Teleport Other           Tloc           0%         N/A       100%        3
 Vampiric Draining        Necr           0%         2d6       100%        3
 Ice Form                 Ice/Tmut       0%         N/A       100%        4
 Summon Ice Beast         Ice/Summ       0%         N/A       100%        4
 Agony                    Necr           0%         N/A       100%        5
 Blade Hands              Tmut           0%         N/A       100%        5
 Excruciating Wounds      Necr           0%         N/A       100%        5
 Irradiate                Conj/Tmut      0%         3d13      100%        5
 Shadow Creatures         Summ           N/A        N/A       100%        6
 Dragon Form              Tmut           0%         N/A       100%        7


Dungeon Overview and Level Annotations

Branches:
Dungeon (12/15)            Temple (0/1) D:7            Lair (0/6) D:11
    Orc (0/2) D:9

Altars:
Fedhas
Gozag
Hepliaklqana
Kikubaaqudgha
Makhleb
Nemelex Xobeh
Okawaru
Qazlal
Sif Muna
Uskayaw
Vehumet
Wu Jian
Zin
The Shining One
Beogh

Shops:
D:4 *   D:8 *


Innate Abilities, Weirdness & Mutations

You are immune to sickness and miasma.
Your stone body is resilient. (AC +8)
You are immune to poison.
You resist negative energy. (rN+)
You are resistant to electric shocks. (rElec)
You are resistant to unholy torment.
You are immune to petrification.


Message History

The red ugly thing is lightly wounded.
The red ugly thing claws you.
You are engulfed in flames!!
You hit the red ugly thing.
The red ugly thing is lightly wounded.
The red ugly thing claws you!
You are engulfed in flames!!
* * * LOW HITPOINT WARNING * * *
You feel much better.
The red ugly thing claws you but does no damage.
Aiming: Corrosive Bolt
Press: ? - help, Shift-Dir - straight line, f - red ugly thing
Aim: a red ugly thing (lightly wounded, 74% to hit)
The bolt of acid hits the red ugly thing!
The red ugly thing is splashed with acid.
The red ugly thing is moderately wounded.
The red ugly thing claws you but does no damage.
Aiming: Corrosive Bolt
Press: ? - help, Shift-Dir - straight line, f/p - red ugly thing
Aim: a red ugly thing (moderately wounded, 74% to hit)
The bolt of acid hits the red ugly thing!!
The red ugly thing is splashed with acid.
The acid corrodes the red ugly thing!
The red ugly thing is severely wounded.
The red ugly thing claws you but does no damage.
Okay, then.
Unknown command.
Unknown command.
Unknown command.
Your +2 war axe of flaming stops flaming.
You feel a sense of dread.
a - a +1 vampiric trident (weapon)
The red ugly thing claws you but does no damage.
You closely miss the red ugly thing.
The red ugly thing is severely wounded.
The red ugly thing claws you.
You are engulfed in flames!!
* * * LOW HITPOINT WARNING * * *
You fade into invisibility!
The red ugly thing claws you.
* * * LOW HITPOINT WARNING * * *
You are engulfed in flames!!
You die...

...# #
############.####
# .### ♣♣♣.♣ .#
♣♣...♣ .# ♣♣..♣♣♣
># .♣ ♣..♣♣ ♣ ##
♣...♣♣♣♣ ♣♣.♣ ♣
♣.).♣♣ ♣♣.♣♣ ♣♣♣
♣♣♣♣u♣♣♣♣.♣♣ ♣..
♣.@.♣♣..♣ ♣♣♣
♣♣♣....♣♣ ♣♣.♣♣♣
♣♣ ♣♣♣.♣ ♣♣♣♣.
♣..♣♣ ♣♣♣....
♣.♣♣ ♣♣....♣♣
♣.♣♣ ♣♣♣♣...♣♣♣
♣♣)♣♣♣♣....♣♣♣
♣♣.....♣♣♣♣


You could see a red ugly thing (corroded).

Vanquished Creatures
  A hydra (D:11)
  Harold (D:10)
  A boulder beetle (D:12)
  3 two-headed ogres
  A cyclops (D:11)
  A manticore (D:8)
  2 centaur zombies
  Psyche (D:10)
  A hornet (D:9)
  5 trolls
  Grinder (D:5)
  4 slime creatures (D:12)
  4 spriggans (D:12)
  2 wyverns
  3 yaks
  5 vampire mosquitoes
  An acid dragon (D:12)
  4 water moccasins
  An ice beast (D:3)
  A sky beast (D:5)
  10 orc warriors
  5 ogres
  3 black bears
  A necrophage (D:5)
  4 centaurs
  2 phantoms (D:5)
  Blork the orc (D:5)
  2 kobold brigands (D:9)
  A bullfrog (D:5)
  5 scorpions
  2 wyvern zombies
  6 killer bees
  A jelly (D:4)
  8 wights
  4 howler monkeys
  2 hounds
  7 orc priests
  A gnoll shaman (D:7)
  A bullfrog skeleton (D:5)
  A centaur skeleton (D:5)
  2 iguanas (D:6)
  10 orc wizards
  A scorpion zombie (D:5)
  A killer bee zombie (D:8)
  2 howler monkey zombies (D:8)
  3 adders
  3 gnolls (D:7)
  A howler monkey skeleton (D:6)
  2 ufetubi
  2 adder skeletons (D:4)
  A worm (D:4)
  A dart slug (D:1)
  80 orcs
  4 ball pythons
  7 endoplasms
  A giant cockroach (D:4)
  6 hobgoblins
  7 jackals
  13 kobolds
  3 quokkas
  10 bats
  3 frilled lizards
  11 goblins
  5 rats
  2 rat zombies (D:3)
291 creatures vanquished.

Notes
Turn   | Place    | Note
-------+----------+-------------------------------------------
     0 | D:1      | jlumianski the Gargoyle Fighter began the quest for the
                  | Orb.
     0 | D:1      | Reached XP level 1. HP: 14/14 MP: 1/1
    86 | D:1      | Reached skill level 2 in Axes
    86 | D:1      | Reached XP level 2. HP: 17/19 MP: 2/2
   308 | D:1      | Noticed a great orb of eyes
   324 | D:1      | Found a faded altar of an unknown god.
   331 | D:1      | Noticed a floating eye
   354 | D:1      | Noticed a golden eye
   354 | D:1      | Noticed a floating eye
   583 | D:1      | Reached XP level 3. HP: 23/23 MP: 3/3
  1135 | D:2      | Reached XP level 4. HP: 25/29 MP: 4/4
  1336 | D:2      | Found an iron altar of Okawaru.
  1546 | D:2      | Became a worshipper of Warmaster Okawaru
  1801 | D:3      | Reached skill level 3 in Axes
  1801 | D:3      | Reached skill level 1 in Dodging
  1801 | D:3      | Reached XP level 5. HP: 13/33 MP: 5/5
  2059 | D:3      | Found a burning altar of Makhleb.
  2125 | D:3      | Noticed an ice beast
  2143 | D:3      | Killed an ice beast
  2144 | D:3      | Reached XP level 6. HP: 23/38 MP: 6/6
  2232 | D:3      | Reached * piety under Okawaru
  2233 | D:3      | Reached skill level 4 in Axes
  2321 | D:3      | Found an opulent altar of Gozag.
  2440 | D:3      | Noticed a water moccasin
  2469 | D:3      | Killed a water moccasin
  2470 | D:3      | Reached skill level 1 in Throwing
  2701 | D:3      | Reached XP level 7. HP: 43/43 MP: 7/7
  2711 | D:3      | Found an ancient bone altar of Kikubaaqudgha.
  3008 | D:3      | Reached skill level 1 in Invocations
  3308 | D:4      | Found a hide-covered altar of Uskayaw.
  3340 | D:4      | Reached ** piety under Okawaru
  3341 | D:4      | Reached skill level 5 in Axes
  3501 | D:4      | Reached skill level 5 in Shields
  3574 | D:4      | Found Vunosh's CLEARANCE SALE! EVERYTHING MUST GO!.
  3583 | D:4      | Bought a ring of willpower for 175 gold pieces
  3583 | D:4      | Bought a scroll of teleportation for 21 gold pieces
  3638 | D:5      | Entered Level 5 of the Dungeon
  3696 | D:5      | Reached XP level 8. HP: 36/48 MP: 8/10
  3771 | D:5      | Noticed Grinder
  3787 | D:5      | Paralysed by Grinder for 6 turns
  3813 | D:5      | Killed Grinder
  4017 | D:5      | Reached *** piety under Okawaru
  4091 | D:5      | Reached skill level 6 in Axes
  4301 | D:5      | Found an ornate altar of the Wu Jian Council.
  4312 | D:5      | Found a stormy altar of Qazlal.
  4408 | D:5      | Found a sparkling altar of Nemelex Xobeh.
  4466 | D:5      | Noticed Blork the orc
  4480 | D:5      | Killed Blork the orc
  4481 | D:5      | Reached skill level 5 in Armour
  4695 | D:5      | Reached XP level 9. HP: 52/52 MP: 12/12
  4769 | D:5      | Received a gift from Okawaru
  5727 | D:6      | Reached skill level 5 in Fighting
  5740 | D:6      | Reached skill level 5 in Invocations
  6059 | D:6      | Reached skill level 7 in Axes
  6068 | D:6      | Reached **** piety under Okawaru
  6460 | D:7      | Found a staircase to the Ecumenical Temple.
  6576 | D:7      | Found a radiant altar of Vehumet.
  6961 | D:7      | Received a gift from Okawaru
  7240 | D:7      | Found a hazy altar of Hepliaklqana.
  7368 | D:7      | Reached XP level 10. HP: 40/59 MP: 14/14
  7518 | D:8      | Found Keolaiq's Assorted Antiques.
  7577 | D:8      | Bought a scroll of identify for 50 gold pieces
  7577 | D:8      | Bought a scroll of identify for 50 gold pieces
  7577 | D:8      | Bought a potion of heal wounds for 125 gold pieces
  7667 | D:8      | Reached skill level 8 in Axes
  7816 | D:8      | Noticed a manticore
  7942 | D:8      | Killed a manticore
  8893 | D:9      | Found a staircase to the Orcish Mines.
  9152 | D:9      | Found a shimmering blue altar of Sif Muna.
  9270 | D:9      | Found a glowing golden altar of the Shining One.
  9378 | D:9      | Found a glowing silver altar of Zin.
  9885 | D:10     | Entered Level 10 of the Dungeon
 10479 | D:10     | Reached ***** piety under Okawaru
 10526 | D:10     | Noticed a two-headed ogre
 10535 | D:10     | Killed a two-headed ogre
 10536 | D:10     | Reached skill level 9 in Axes
 10536 | D:10     | Reached XP level 11. HP: 58/65 MP: 16/16
 11257 | D:10     | Found a blossoming altar of Fedhas.
 11372 | D:10     | Noticed Psyche
 11373 | D:10     | Noticed Harold
 11379 | D:10     | Killed Psyche
 11380 | D:10     | Reached skill level 1 in Evocations
 11398 | D:10     | Killed Harold
 11839 | D:11     | Found a staircase to the Lair.
 12076 | D:11     | Noticed a cyclops
 12085 | D:11     | Killed a cyclops
 12161 | D:11     | Noticed a two-headed ogre
 12169 | D:11     | Killed a two-headed ogre
 12169 | D:11     | Reached ****** piety under Okawaru
 12259 | D:11     | Received a gift from Okawaru
 12471 | D:11     | Noticed an eight-headed hydra
 12477 | D:11     | Killed a five-headed hydra
 12783 | D:11     | Noticed a two-headed ogre
 12799 | D:11     | Killed a two-headed ogre
 12800 | D:11     | Reached skill level 10 in Axes
 13181 | D:12     | Reached XP level 12. HP: 68/72 MP: 18/18
 13186 | D:12     | Noticed a boulder beetle
 13194 | D:12     | Killed a boulder beetle
 13944 | D:12     | Mangled by a red ugly thing

Illustrated notes

Levels and vault maps discovered:
D:1:      scummos_arrival_simple_crosswalls, layout_rooms,
          hellmonk_ecumenical_altar_watching_god, nrook_loot_triangle,
          serial_bayou_pond_e
D:2:      layout_loops_ring, basic_altar
D:3:      layout_basic, mainiacjoe_overflow_small_starburst,
          mainiacjoe_overflow_boulevard, lemuel_zombie_altar_kikubaaqudgha
D:4:      layout_basic, nicolae_uskayaw_suspiria, nicolae_shop_clearance
D:5:      layout_basic, lemuel_round_altar, nemelex_diamond_rough_becter,
          nicolae_overflow_hidden_temple, minmay_misc_feat_nine_boxes,
          uniq_grinder, uniq_blork_the_orc
D:6:      layout_cave_pods
D:7:      layout_basic, nicolae_hepliaklqana_hippocampus,
          mainiacjoe_overflow_chevrons, minmay_temple_entry_tees,
          minmay_misc_feat_alley
D:8:      layout_cave_pools, serial_shops,
          nicolae_shop_temple_entry_statues_fountains, corexii_hall_statues_t,
          hangedman_decor_lopped, minmay_between
D:9:      layout_long_grid, lemuel_round_altar, mainiacjoe_overflow_alcove_2,
          mainiacjoe_overflow_concentric_impassable, hiddenorc1_lemuel,
          special_room [special_room_orc], kennysheep_generic_room_11
D:10:     layout_roguey, lemuel_doored_altar, special_room [special_room_orc],
          eino_small_chamber_without_monster, grunt_ministairs_14, uniq_psyche,
          uniq_harold
D:11:     layout_irregular_city, lair_entry_dummy, minmay_crystal_room
D:12:     kb_forest_paths, layout_loops_ring, ebering_dispersal_statue_hall,
          minivault_25_ag, kennysheep_generic_room_15

Skill      XL: |  1  2  3  4  5  6  7  8  9 10 11 12 |
---------------+-------------------------------------+-----
Axes           | 2 3 4 5 6 7 9 10 | 10.3
Dodging        | 1 2 |  2.6
Shields        | 4 5 6 8 9 |  9.4
Fighting       | 4 5 6 7 |  7.4
Throwing       | 1 2 3 |  3.9
Armour         | 4 5 6 7 8 |  8.3
Invocations    | 2 4 5 7 8 |  8.8
Evocations     | 2 3 |  3.5
Stealth        | |  0.3

Action                   |  1- 3 |  4- 6 |  7- 9 | 10-12 || total
-------------------------+-------+-------+-------+-------++-------
Melee: War axe           |   148 |   109 |   338 |   603 ||  1198
       Trident           |       |       |       |     1 ||     1
Throw: Dart              |       |     7 |       |     3 ||    10
       Boomerang         |       |     5 |    44 |    30 ||    79
Invok: Heroism           |       |       |     1 |     2 ||     3
Evoke: Wand              |       |       |       |     6 ||     6
  Use: Scroll            |       |       |    11 |    10 ||    21
       Potion            |       |       |     1 |     5 ||     6
Armor: Scale mail        |   128 |    90 |     6 |       ||   224
       Chain mail        |       |       |   214 |       ||   214
       Plate armour      |       |       |       |   465 ||   465
Dodge: Dodged            |    73 |    41 |   102 |   150 ||   366
Block: Kite shield       |   110 |    54 |   200 |   403 ||   767
